 Dungeon Crawl Stone Soup version 0.28.0-43-g3370ac3207 (webtiles) character file.

Game seed: 16958007656078908817

380 Peloso the Slasher (level 6, -1/56 HPs)
             Began as a Minotaur Fighter on Mar 7, 2022.
             Slain by a gnoll
             ... wielding a +0 flail
              (10 damage)
             ... on level 3 of the Dungeon.
             The game lasted 00:05:08 (2916 turns).

Peloso the Slasher (Minotaur Fighter)               Turns: 2916, Time: 00:05:09

Health: -1/56      AC:  8    Str: 20    XL:     6   Next: 46%
Magic:  5/5        EV:  9    Int:  5    God:
Gold:   210        SH:  5    Dex: 12    Spells: 5/5 levels left

rFire   + . .      SeeInvis .   a - +1 long sword
rCold   . . .      Faith    .   c - +0 buckler
rNeg    . . .      Spirit   .   i - +0 scale mail
rPois   .          Reflect  .   (helmet restricted)
rElec   .          Harm     .   (no cloak)
rCorr   .          Rampage  .   q - +0 pair of gloves
Will    .....                   (no boots)
Stlth   ..........              (no amulet)
HPRegen 0.18/turn               h - ring of protection from fire
MPRegen 0.09/turn               (no ring)

@: no status effects
A: horns 2, retaliatory headbutt
a: no special abilities


You were on level 3 of the Dungeon.
You visited 1 branch of the dungeon, and saw 4 of its levels.
You also visited: Sewer.

You collected 210 gold pieces.

Inventory:

Hand Weapons
 a - a +1 long sword (weapon)
 b - a +1 short sword of electrocution
Armour
 c - a +0 buckler (worn)
 i - a +0 scale mail (worn)
 q - a +0 pair of gloves (worn)
Jewellery
 h - a ring of protection from fire (left hand)
Wands
 o - a wand of flame (12)
 t - a wand of mindburst (8)
Scrolls
 g - a scroll of noise {unknown}
 k - 2 scrolls of fog {unknown}
 l - 4 scrolls of holy word {unknown}
 m - a scroll of vulnerability {unknown}
 n - a scroll of amnesia {unknown}
 r - a scroll of acquirement {unknown}
 u - a scroll of teleportation {unknown}
 v - a scroll of enchant armour {unknown}
 x - a scroll of immolation {unknown}
Potions
 d - a potion of might
 e - a potion of cancellation
 f - a potion of curing
 j - a potion of haste
 p - a potion of flight
 s - 2 potions of heal wounds {unknown}
 w - a potion of ambrosia {unknown}


   Skills:
 + Level 5.1 Fighting
 + Level 5.6 Long Blades
 + Level 5.2 Armour
 + Level 0.8 Dodging
 + Level 0.2 Stealth
 + Level 4.4 Shields


You had 5 spell levels left.
You didn't know any spells.
Your spell library was empty.

Dungeon Overview and Level Annotations

Branches:
Dungeon (4/15)              Sewer (visited)
 Temple: D:4-7

Altars:

Shops:
D:1 :

Annotations:
D:4 Eustachio


Innate Abilities, Weirdness & Mutations

You have a pair of horns on your head.
You reflexively headbutt those who attack you in melee.


Message History

Unknown command.
Eustachio closely misses you.
Unknown command.
You slash Eustachio!
Eustachio is moderately wounded.
Eustachio casts a spell.
Eustachio blinks!
You block the gnoll's attack.
Eustachio gestures wildly while chanting.
Eustachio blinks!
There is an open door here.
You see here 16 stones.
Eustachio mumbles some strange words.
You block Eustachio's attack. The river rat bites you.
You barely miss Eustachio. Your headbutt misses Eustachio.
Eustachio is moderately wounded.
The quasit disappears in a puff of smoke!
The shadow imp disappears in a puff of smoke!
Eustachio casts a spell.
Eustachio blinks!
You block the quokka's attack. The river rat closely misses you.
The quokka barely misses you.
The river rat bites you but does no damage.
There is a stone staircase leading up here.
Unknown command.
The bat hits you but does no damage. The gnoll hits you but does no damage.
The quokka barely misses you. The river rat barely misses you.
You climb upwards.
There is a stone staircase leading down here.
Unknown command.
You hit the gnoll.
The gnoll is heavily wounded.
The gnoll hits you with a +0 flail. The gnoll hits you but does no damage.
You completely miss the gnoll. You headbutt the gnoll.
The gnoll is severely wounded.
The gnoll hits you with a +0 flail!
* * * LOW HITPOINT WARNING * * *
You hit the gnoll but do no damage.
The gnoll is severely wounded.
The gnoll hits you with a +0 flail!
You die...

...####..............# ##########
.....##..............###.........
.....##...............##.########
.....##.................##...###.
.....##...............###≈≈..≈##.
...............).....####≈≈#≈≈≈#≈
...#...............#....#≈≈#≈.≈#≈
..........##.....###....#≈≈#≈.≈#≈
..........+....g@+......#≈≈#≈.≈#≈
..........#......###..###≈≈#≈≈≈#≈
......÷...#........#..###≈≈#≈≈≈#≈
####......######........#≈≈##...≈
.......#.......'........≈≈≈###..≈
.......#.#######.........≈## ####
...................###..###
...................# ##.## ######
...................####..# #.....


You could see a gnoll.

Vanquished Creatures
  Pargi (Sewer)
  A hound (D:4)
  Natasha (thrice) (D:2)
  Robin (D:3)
  8 adders
  A gnoll (D:4)
  A worm (D:2)
  An orc (D:4)
  5 endoplasms
  6 giant cockroaches
  13 goblins
  5 hobgoblins
  4 jackals (D:2)
  9 kobolds
  7 quokkas
  4 ball pythons
  4 bats
  2 frilled lizards
  4 rats
80 creatures vanquished.

Notes
Turn   | Place    | Note
-------+----------+-------------------------------------------
     0 | D:1      | Peloso the Minotaur Fighter began the quest for the Orb.
     0 | D:1      | Reached XP level 1. HP: 19/19 MP: 0/0
   207 | D:1      | Found Gausch's Book Emporium.
   276 | D:1      | Reached XP level 2. HP: 27/27 MP: 1/1
   354 | D:1      | Found a faded altar of an unknown god.
   813 | D:2      | Noticed Natasha
   823 | D:2      | Killed Natasha
   824 | D:2      | Reached XP level 3. HP: 20/34 MP: 2/2
   840 | D:2      | Noticed Natasha
   846 | D:2      | Killed Natasha
   847 | D:2      | Reached XP level 4. HP: 27/41 MP: 3/3
  1306 | D:2      | Noticed Natasha
  1313 | D:2      | Killed Natasha
  1716 | D:3      | Reached XP level 5. HP: 47/47 MP: 4/4
  1755 | D:3      | Noticed Robin
  1777 | D:3      | Killed Robin
  2000 | D:3      | Found a glowing drain.
  2019 | Sewer    | Entered a sewer
  2028 | Sewer    | Reached skill level 5 in Armour
  2041 | Sewer    | Noticed Pargi
  2044 | Sewer    | Killed Pargi
  2045 | Sewer    | Reached skill level 5 in Long Blades
  2045 | Sewer    | Reached XP level 6. HP: 55/55 MP: 5/5
  2808 | D:4      | Reached skill level 5 in Fighting
  2864 | D:4      | Noticed Eustachio
  2916 | D:3      | Slain by a gnoll

Illustrated notes

Levels and vault maps discovered:
D:1:      dpeg_arrival_yet_another_circle, layout_basic, serial_shops,
          nicolae_shop_trees, shapermc_ecumenical_altar_venn,
          chequers_serial_rivers_marsh
D:2:      layout_basic, uniq_natasha
D:3:      layout_basic, gup_sewer_entry_pipe, minmay_vboxes, uniq_robin
D:4:      layout_basic, uniq_blork_the_orc, uniq_eustachio

Skill      XL: |  1  2  3  4  5  6 |
---------------+-------------------+-----
Fighting       | 4 5 |  5.1
Shields        | 4 |  4.4
Long Blades    | 3 4 5 |  5.6
Armour         | 4 5 |  5.2
Dodging        | |  0.8
Stealth        | |  0.2

Action                   |  1- 3 |  4- 6 || total
-------------------------+-------+-------++-------
Melee: Long sword        |    49 |   153 ||   202
       Headbutt          |     5 |    22 ||    27
  Use: Scroll            |     2 |     3 ||     5
Armor: Scale mail        |    22 |    72 ||    94
Dodge: Dodged            |    25 |    79 ||   104
Block: Buckler           |     4 |    42 ||    46
